 Dungeon Crawl Stone Soup version 0.28-a0-589-g333b8329f1 (webtiles) character file.

Game seed: 9946393921390689119

194 sanka the Distorting Palentonga (level 5, -3/43 HPs)
             Began as a Palentonga Abyssal Knight on Oct 3, 2021.
             Was a Believer of Lugonu.
             Killed by divine providence
             ... invoked by an orc priest
              (13 damage)
             ... on level 4 of the Dungeon.
             The game lasted 00:07:21 (3175 turns).

sanka the Distorting Palentonga (PaAK)              Turns: 3175, Time: 00:07:22

Health: -3/43      AC:  8    Str: 17    XL:     5   Next: 44%
Magic:  9/9        EV:  9    Int: 11    God:    Lugonu [**....]
Gold:   132        SH:  0    Dex: 10    Spells: 4/4 levels left

rFire   + . .      SeeInvis +   a - +1 hand axe
rCold   . . .      Faith    .   (no shield)
rNeg    + . .      Spirit   .   o - +2 leather armour {rF+}
rPois   .          Reflect  .   (no helmet)
rElec   .          Harm     .   j - +1 cloak
rCorr   .          Rampage  .   (no gloves)
Will    .....                   (no barding)
Stlth   +.........              (no amulet)
HPRegen 0.14/turn               h - ring of flight
MPRegen 0.11/turn               s - ring of positive energy

@: flying
A: large, rugged brown scales 3, see invisible, deformed body, roll 1, armoured
tail
a: Rolling Charge, Renounce Religion, Depart the Abyss, Bend Space


You were on level 4 of the Dungeon.
You worshipped Lugonu.
Lugonu was pleased with you.
You visited 1 branch of the dungeon, and saw 4 of its levels.
You visited the Abyss 1 time.

You collected 132 gold pieces.


Innate Abilities, Weirdness & Mutations

You are completely covered in rugged brown scales. (AC +3, +7% HP)
You have supernaturally acute eyesight. (SInv)
Armour fits poorly on your strangely shaped body.
You can roll at nearby foes to attack.
You have a long armoured tail.


   Skills:
 - Level 3.0 Fighting
 - Level 2.0 Axes
 - Level 1.5 Armour
 - Level 0.7 Dodging
 + Level 6.2 Invocations


You had 4 spell levels left.
You didn't know any spells.
Your spell library was empty.

Inventory:

Hand Weapons
 a - a +1 hand axe (weapon)
 b - a +0 trident
 q - a +0 dagger of draining
Missiles
 c - 5 curare-tipped darts {=f}
 p - 18 poisoned darts
Armour
 j - a +1 cloak (worn)
 o - a +2 leather armour of fire resistance (worn)
Jewellery
 h - a ring of flight (left hand)
 s - a ring of positive energy (right hand)
Scrolls
 i - a scroll of enchant weapon {unknown}
 k - a scroll of identify {unknown}
 l - 2 scrolls of fog {unknown}
 m - a scroll of fear {unknown}
 n - 2 scrolls of enchant armour {unknown}
 r - a scroll of teleportation {unknown}
Potions
 e - a potion of curing {unknown}
 f - a potion of brilliance {unknown}
 g - a potion of magic {unknown}

Dungeon Overview and Level Annotations

Branches:
Dungeon (4/15)
 Temple: D:4-7

Altars:
Cheibriados
Hepliaklqana
Makhleb
Vehumet

Shops:
D:1

[ .. ..▒ ▒▒
▒.▒▒.▒ .....▒▒
.....▒
▒▒▒...▒▒▒
.▒▒...o)..▒▒
......(H...▒▒▒
▒▒.▒▒.)).<...▒
......?.....▒
▒............▒
▒..........▒▒▒
...........▒▒
............
..▒..........
▒▒.........


You could see an orc priest.


Message History

You kill the orc!
Lugonu accepts your kill.
You hit the orc.
You kill the orc!
Lugonu accepts your kill.
You barely miss the orc priest. You hit the centaur skeleton.
The orc priest invokes the aid of Beogh against you.
Beogh smites you!
* * * LOW HITPOINT WARNING * * *
The centaur skeleton barely misses you.
The centaur skeleton kicks you but does no damage.
Your Invocations skill increases to level 6!
You hit the centaur skeleton.
You destroy the centaur skeleton!
Lugonu accepts your kill.
You barely miss the orc priest. The orc priest barely misses you.
Unknown command.
You hit the orc priest.
The orc priest is moderately wounded.
The orc priest closely misses you.
The orc priest hits you but does no damage.
Unknown command.
You hit the orc priest.
Your tail-slap misses the orc priest.
The orc priest is heavily wounded.
The orc priest mumbles some strange prayers to Beogh against you.
Beogh smites you!
You die...

Action                   |  1- 3 |  4- 6 || total
-------------------------+-------+-------++-------
Melee: Hand axe          |   104 |    62 ||   166
       Tailslap          |     4 |     7 ||    11
 Abil: Rolling Charge    |    29 |     5 ||    34
  Use: Potion            |       |     2 ||     2
Armor: Leather armour    |    50 |    54 ||   104
Dodge: Dodged            |    38 |    55 ||    93

Levels and vault maps discovered:
D:1:      dpeg_arrival_tiny_b, layout_loops_ring, serial_shops,
          nicolae_shop_window_shopping
D:2:      layout_loops_cross, dreamdust_ecumenical_altar_angels_and_demons,
          serial_bayou_pond_c
D:3:      layout_loops_corners, lemuel_crystal_altar,
          mainiacjoe_overflow_surrounded_room, mainiacjoe_overflow_swirl,
          st_stairs_6, minmay_increasing_density
D:4:      layout_cave_pools, skrybe_limestone_x,
          amcnicky_mini_rare_corridor_liquid

Notes
Turn   | Place    | Note
-------+----------+-------------------------------------------
     0 | Abyss:1  | sanka the Palentonga Abyssal Knight began the quest for the
                  | Orb.
     0 | Abyss:1  | Reached XP level 1. HP: 19/19 MP: 2/2
     7 | D:1      | Escaped the Abyss
   250 | D:1      | Reached skill level 3 in Invocations
   250 | D:1      | Reached XP level 2. HP: 25/25 MP: 2/4
   362 | D:1      | Found Yduxke's Antique Armour Boutique.
   709 | D:2      | Reached ** piety under Lugonu
   886 | D:2      | Reached skill level 4 in Invocations
   886 | D:2      | Reached XP level 3. HP: 24/31 MP: 4/6
  1078 | D:2      | Found a faded altar of an unknown god.
  1750 | D:3      | Found a burning altar of Makhleb.
  1914 | D:3      | Found a radiant altar of Vehumet.
  2078 | D:3      | Reached XP level 4. HP: 28/37 MP: 7/7
  2085 | D:3      | Reached skill level 5 in Invocations
  2975 | D:3      | Found a hazy altar of Hepliaklqana.
  3088 | D:3      | Found a snail-covered altar of Cheibriados.
  3170 | D:4      | Reached XP level 5. HP: 17/43 MP: 9/9
  3173 | D:4      | Reached skill level 6 in Invocations
  3175 | D:4      | Killed from afar by an orc priest

Vanquished Creatures
  A centaur skeleton (D:4)
  A hound (D:4)
  An orc wizard (D:3)
  4 adders
  A worm (D:2)
  A dart slug (D:1)
  5 orcs
  5 ball pythons
  5 endoplasms
  A giant cockroach (D:3)
  8 goblins
  8 hobgoblins
  6 bats
  6 frilled lizards
  7 kobolds
  6 rats
66 creatures vanquished.
